 Dungeon Crawl Stone Soup version 0.22.0-38-g04b72b8 (webtiles) character file.

5339 Loudmushroom the Cleaver (level 10, -2/64 HPs)
             Began as a Gargoyle Fighter on Aug 25, 2018.
             Was a Believer of the Shining One.
             Slain by a troll (8 damage)
             ... on level 9 of the Dungeon.
             The game lasted 00:52:26 (9758 turns).

Loudmushroom the Cleaver (Gargoyle Fighter)         Turns: 9758, Time: 00:52:26

Health: -2/64      AC: 25    Str: 22    XL:     10   Next: 65%
Magic:  10/11      EV:  5    Int:  8    God:    the Shining One [**....]
Gold:   424        SH: 18    Dex: 11    Spells: 9/9 levels left

rFire    . . .     SeeInvis +   a - +4 war axe
rCold    . . .     Gourm    .   c - +0 shield
rNeg     + + .     Faith    .   m - +0 plate armour
rPois    ∞         Spirit   .   t - +0 helmet
rElec    +         Reflect  .   (no cloak)
rCorr    .         Harm     .   (no gloves)
MR       .....                  k - +1 pair of boots
Stlth    ..........             (no amulet)
HPRegen  0.20/turn              p - +1 ring of protection
MPRegen  0.12/turn              x - ring of see invisible

@: divine shield, glowing
A: negative energy resistance 1, electricity resistance, unbreathing,
petrification resistance, rot immunity, AC +7
a: Divine Shield, Renounce Religion


You were on level 9 of the Dungeon.
You worshipped the Shining One.
The Shining One was pleased with you.
You were not hungry.

You visited 2 branches of the dungeon, and saw 10 of its levels.

You collected 424 gold pieces.

Inventory:

Hand Weapons
 a - a +4 war axe (weapon)
 b - a +0 hunting sling
 e - a +0 morningstar
 H - the +7 rapier of Qikyfres {antimagic, +Blink +Rage rElec rN+}
   (You found it on level 7 of the Dungeon)

   It reduces the magical energy of the wielder, and disrupts the spells and
   magical abilities of those hit.
   Natural abilities and divine invocations are not affected.
   It insulates you from electricity.
   It protects you from negative energy.
   It lets you blink.
   It lets you go berserk.
Missiles
 h - 267 stones
 y - 2 curare-tipped needles
 B - 106 sling bullets
 C - 59 bolts
 E - 7 javelins (quivered)
 F - 3 needles of frenzy
Armour
 c - a +0 shield (worn)
 k - a +1 pair of boots (worn)
 m - a +0 plate armour (worn)
 t - a +0 helmet (worn)
Jewellery
 i - an uncursed ring of ice
 p - a +1 ring of protection (left hand)
 x - a ring of see invisible (right hand)
 D - an uncursed ring of fire
Wands
 s - a wand of acid (16)
 I - a wand of digging (8)
 J - a wand of clouds (4)
Scrolls
 g - 4 scrolls of identify
 j - a scroll of fear
 o - 9 scrolls of remove curse
 q - 3 scrolls of teleportation
 r - a scroll of amnesia
 v - a scroll of torment {unknown}
 w - a scroll of magic mapping
 G - 3 scrolls of fog
Potions
 d - 3 potions of might
 l - 2 potions of heal wounds
 n - 4 potions of curing
 u - a potion of agility
 z - a potion of flight
 A - a potion of degeneration {unknown}
 K - a potion of haste
Comestibles
 f - 12 rations


   Skills:
 + Level 8.1 Fighting
 * Level 9.0 Axes
 + Level 8.3 Armour
 + Level 8.1 Shields
 + Level 2.0 Invocations
 + Level 1.7 Evocations


You had 9 spell levels left.
You didn't know any spells.
Your spell library contained the following spells:

 Spells                   Type           Power        Failure   Level  Hunger
 Confusing Touch          Hex            #.....       100%        1    ##.....
 Corona                   Hex            #......      100%        1    ##.....
 Magic Dart               Conj           #...         100%        1    ##.....
 Blink                    Tloc           N/A          100%        2    ###....
 Call Imp                 Summ           #.......     100%        2    ###....
 Ensorcelled Hibernation  Hex/Ice        #.....       100%        2    ###....
 Slow                     Hex            #.......     100%        2    ###....
 Confuse                  Hex            #.......     100%        3    ####...
 Conjure Flame            Conj/Fire      #.......     100%        3    ####...
 Dazzling Spray           Conj/Hex       #.....       100%        3    ####...
 Gell's Gravitas          Tloc           #.........   100%        3    ####...
 Mephitic Cloud           Conj/Pois/Air  #.......     100%        3    ####...
 Tukima's Dance           Hex            #.......     100%        3    ####...
 Petrify                  Tmut/Erth      #.......     100%        4    #####..
 Metabolic Englaciation   Hex/Ice        #.........   100%        5    ######.
 Yara's Violent Unravell  Hex/Tmut       #.........   100%        5    ######.


Dungeon Overview and Level Annotations

Branches:
Dungeon (9/15)             Temple (1/1) D:4
   Lair: D:8-11         Orc: D:9-12

Altars:
Ashenzari
Cheibriados
Dithmenos
Fedhas
Gozag
Hepliaklqana
Kikubaaqudgha
Nemelex Xobeh
Okawaru
Qazlal
Ru
Sif Muna
Trog
Uskayaw
Wu Jian
Xom
Yredelemnul
Zin
The Shining One

Shops:
D:4 *


Innate Abilities, Weirdness & Mutations

You are resistant to torment.
Your stone body is resilient. (AC +7)
You are immune to poison.
You resist negative energy. (rN+)
You are resistant to electric shocks. (rElec)
You can survive without breathing.
You are immune to petrification.
You are immune to rotting.


Message History

You hit the yak but do no damage. You hit the troll. You hit the yak.
You kill the yak!
Your Invocations skill increases to level 2!
You slash the black bear!
You kill the black bear!
You hit the yak. You slash the yak! You block the troll's attack.
The troll barely misses you. The troll claws you but does no damage.
The yak gores you!
* * * LOW HITPOINT WARNING * * *
The yak barely misses you. The yak gores you but does no damage.
You block the troll's attack. x3; The yak barely misses you.
The yak gores you but does no damage. x2
Things that are here:
a big kobold corpse; a yak corpse You block the yak's attack. x2
Things that are here:
a short sword; a kobold corpse You see here a kobold corpse.
The troll bites you!
You die...

##.#.<.# #......#
...#...# #......###
...#...# #........#
...#.### #........#
...#.# #........#
...#.# +#####
#...<....# ####..
...... #........# ...
......#######........#
..
........@............#
......YTY............#
#......Y(((((......###
#.....))...?.......#
#......†...........#
#..........####....#
#)......†..# #....#
#....####### #....#
#.... #....#


You could see 3 yaks and a troll.

Vanquished Creatures
  Grinder (D:3)
  Prince Ribbit (D:7)
  3 hippogriffs
  5 yaks
  Eustachio (D:5)
  2 orc warriors (D:6)
  A sky beast (D:5)
  5 black bears
  Purgy (D:3)
  An ice beast (D:8)
  A necrophage (D:9)
  A phantom (D:3)
  3 centaurs
  3 ogres
  A big kobold (D:9)
  Blork the orc (D:5)
  4 bullfrogs
  3 killer bees
  A howler monkey (D:4)
  A bullfrog zombie (D:6)
  A centaur zombie (D:7)
  4 crimson imps
  A quasit (D:9)
  4 hounds
  6 orc wizards
  2 bullfrog skeletons
  A centaur skeleton (D:6)
  3 orc priests
  A jelly (D:6)
  Ijyb (D:3)
  3 iguanas
  8 worker ants
  3 killer bee zombies
  A hound zombie (D:8)
  A howler monkey zombie (D:7)
  Robin (D:2)
  4 gnolls (D:8)
  11 adders
  A shadow imp (D:5)
  2 oozes
  2 adder skeletons
  2 worms
  4 dart slugs
  7 leopard geckos
  28 orcs
  3 giant cockroaches
  13 goblins
  13 hobgoblins
  12 jackals
  2 quokkas
  A ball python (D:1)
  9 bats
  5 frilled lizards
  A jackal skeleton (D:8)
  10 kobolds
  A leopard gecko skeleton (D:9)
  A leopard gecko zombie (D:5)
  A quokka skeleton (D:5)
  10 rats
224 creatures vanquished.

Vanquished Creatures (others)
  A howler monkey (D:9)
1 creature vanquished.

Grand Total: 225 creatures vanquished

Notes
Turn   | Place    | Note
-------+----------+-------------------------------------------
     0 | D:1      | Loudmushroom the Gargoyle Fighter began the quest for the Orb.
     0 | D:1      | Reached XP level 1. HP: 14/14 MP: 1/1
    84 | D:1      | Reached skill level 2 in Axes
   141 | D:1      | Reached XP level 2. HP: 19/19 MP: 2/2
   395 | D:1      | Reached XP level 3. HP: 23/23 MP: 3/3
   921 | D:2      | Noticed Robin
   955 | D:2      | Killed Robin
   955 | D:2      | Reached XP level 4. HP: 20/29 MP: 4/4
  1843 | D:3      | Noticed Purgy
  1845 | D:3      | Reached skill level 3 in Axes
  1861 | D:3      | Killed Purgy
  1861 | D:3      | Reached XP level 5. HP: 24/33 MP: 5/5
  2262 | D:3      | Noticed a phantom
  2277 | D:3      | Reached XP level 6. HP: 37/38 MP: 6/6
  2286 | D:3      | Killed a phantom
  2361 | D:3      | Reached skill level 4 in Axes
  2492 | D:3      | Noticed Ijyb
  2541 | D:3      | Killed Ijyb
  3027 | D:3      | Noticed Grinder
  3051 | D:3      | Killed Grinder
  3051 | D:3      | Reached skill level 5 in Armour
  3051 | D:3      | Reached XP level 7. HP: 21/44 MP: 7/7
  3483 | D:4      | Found Yxtek's General Store.
  3494 | D:4      | Reached skill level 5 in Fighting
  3494 | D:4      | Reached skill level 5 in Shields
  3727 | D:4      | Found a staircase to the Ecumenical Temple.
  3735 | Temple   | Entered the Ecumenical Temple
  3800 | Temple   | Became a worshipper of the Shining One
  4040 | D:4      | Found a snail-covered altar of Cheibriados.
  4272 | D:4      | Reached skill level 5 in Axes
  4455 | D:5      | Entered Level 5 of the Dungeon
  4490 | D:5      | Reached XP level 8. HP: 28/50 MP: 8/8
  4983 | D:5      | Noticed Blork the orc
  4990 | D:5      | Killed Blork the orc
  5111 | D:5      | Noticed Eustachio
  5142 | D:5      | Killed Eustachio
  5142 | D:5      | Reached skill level 6 in Axes
  6061 | D:6      | Reached * piety under the Shining One
  6135 | D:6      | Reached XP level 9. HP: 56/56 MP: 9/9
  6189 | D:6      | Reached skill level 7 in Axes
  7868 | D:7      | Found a glowing silver altar of Zin.
  7870 | D:7      | Found a bloodstained altar of Trog.
  7872 | D:7      | Found an ornate altar of the Wu Jian Council.
  7872 | D:7      | Found a sacrificial altar of Ru.
  7882 | D:7      | Noticed Prince Ribbit
  7889 | D:7      | Reached skill level 8 in Axes
  7896 | D:7      | Killed Prince Ribbit
  8007 | D:7      | Reached XP level 10. HP: 62/63 MP: 10/10
  8270 | D:7      | Got a pitted rapier
  8344 | D:7      | Identified the +7 rapier of Qikyfres {antimagic, +Blink +Rage rElec rN+} (You found it on level 7 of the Dungeon)
  8677 | D:8      | Reached ** piety under the Shining One
  9258 | D:8      | Found a basalt altar of Yredelemnul.
  9260 | D:8      | Found a blossoming altar of Fedhas.
  9518 | D:9      | Reached skill level 1 in Invocations
  9527 | D:8      | Reached skill level 1 in Evocations
  9752 | D:9      | Reached skill level 9 in Axes
  9758 | D:9      | Slain by a troll

Skill      XL: |  1  2  3  4  5  6  7  8  9 10 |
---------------+-------------------------------+-----
Axes           | 2 3 4 5 6 8 9 |  9.0
Fighting       | 4 5 6 7 8 |  8.1
Armour         | 4 5 6 7 8 |  8.3
Shields        | 4 5 6 7 8 |  8.1
Invocations    | 2 |  2.0
Evocations     | 1 |  1.7

Action                   |  1- 3 |  4- 6 |  7- 9 | 10-12 || total
-------------------------+-------+-------+-------+-------++-------
Melee: War axe           |   106 |   179 |   311 |   108 ||   704
       Unarmed           |       |    51 |       |       ||    51
Invok: Divine Shield     |       |       |       |     1 ||     1
  Use: Scroll            |       |       |    19 |     1 ||    20
  Eat: Chunk             |       |     7 |    13 |     6 ||    26
       Ration            |       |       |     1 |       ||     1
Armor: Scale mail        |    72 |   132 |    58 |       ||   262
       Chain mail        |       |       |    88 |       ||    88
       Plate armour      |       |       |    82 |   169 ||   251
Dodge: Dodged            |    40 |    94 |    60 |    55 ||   249
Block: Shield            |    67 |   104 |   192 |   140 ||   503
